Cogmind - Beta 17 @@@ ROGUE MODE // 2026.08.03 @ 00:51:46 Player: dispear Result: Destroyed by Y-54 Guardian with Flak Gun Performance ------------- Evolutions (4) 2000 Regions Visited (10) 2000 Robots Destroyed (18) 90 Value Destroyed (502) 502 Prototype IDs (24) 480 Alien Tech Used (0) 0 Bonus (1078) 1078 TOTAL SCORE: 6150 Bonus ------- Follower Combat Kills 278 Entered DSFs 500 Aligned with FarCom 300 Cogmind --------- Core Integrity 0/850 Matter 300/300 Energy 99/100 System Corruption 0% Temperature Cool (6) Movement Core (50) Location -6/Lower Caves Parts ------- > --- POWER (2) -------- (None) > --- PROPULSION (4) --- (None) > --- UTILITY (7) ------ Advanced Sensor Array > --- WEAPON (2) ------- (None) > --- INVENTORY (5) ---- Neutrino Core Improved Medium Treads Experimental Sensor Array Plasma Rifle Peak State ------------ > --- POWER ------------ (None) > --- PROPULSION ------- Cooled VTOL Module Cooled VTOL Module Cooled VTOL Module > --- UTILITY ---------- Medium Storage Unit Army-in-a-Box > --- WEAPON ----------- Thermic Laser > --- INVENTORY -------- Experimental Sensor Array Improved Medium Armor Plating [Rating: 76] Favorites ----------- Power Ion Engine Engine Ion Engine Power Core Neutrino Core Propulsion Aluminum Leg Treads Improved Medium Treads Leg Aluminum Leg Flight Unit Cooled VTOL Module Utility Seismic Detector Device Seismic Detector Storage Small Storage Unit Protection Improved Medium Armor Plating Weapon Grenade Launcher Energy Gun Medium Laser Ballistic Cannon Gauss Cannon Launcher Grenade Launcher Slashing Weapon Makeshift Sword Build | -11 -10 -10 -10 -9 -8 -7 -7 -6 -6 -6 ------- Run | Yrd Mat Min Exi Min Mat Fac DSF Fac Low Low Slots Evolved 8 | . . . . . 4 2 . 2 . . Power 1 | . . . . . . . . 1 . . Propulsion 2 | . . . . . 2 . . . . . Utility 5 | . . . . . 2 2 . 1 . . Weapon . | . . . . . . . . . . . Parts Attached 33 | 7 1 . . 4 8 2 2 5 4 . Power 5 | 1 . . . 1 . 1 . 1 1 . Engine 4 | 1 . . . 1 . 1 . 1 . . Core 1 | . . . . . . . . . 1 . Reactor . | . . . . . . . . . . . Propulsion 12 | 2 . . . 2 4 1 . 2 1 . Treads 1 | . . . . . . . . . 1 . Leg 7 | 2 . . . 2 . 1 . 2 . . Wheel . | . . . . . . . . . . . Hover . | . . . . . . . . . . . Flight 4 | . . . . . 4 . . . . . Utility 9 | 2 . . . . 4 . . 2 1 . Device 3 | 1 . . . . . . . 1 1 . Storage 3 | 1 . . . . 2 . . . . . Processor . | . . . . . . . . . . . Hackware . | . . . . . . . . . . . Protection 3 | . . . . . 2 . . 1 . . Artifact . | . . . . . . . . . . . Weapon 7 | 2 1 . . 1 . . 2 . 1 . Energy Gun 4 | 2 . . . 1 . . 1 . . . Energy Cannon . | . . . . . . . . . . . Ballistic Gun . | . . . . . . . . . . . Ballistic Cannon 1 | . . . . . . . 1 . . . Launcher 1 | . 1 . . . . . . . . . Special Weapon . | . . . . . . . . . . . Impact Weapon . | . . . . . . . . . . . Slashing Weapon 1 | . . . . . . . . . 1 . Piercing Weapon . | . . . . . . . . . . . Special Melee Weapon . | . . . . . . . . . . . Unidentified Prototypes 1 | . . . . . 1 . . . . . Parts Lost 12 | . . . . . 4 . 2 4 1 1 Power 3 | . . . . . 1 . 1 1 . . Propulsion 4 | . . . . . 1 . 1 1 1 . Utility 2 | . . . . . 1 . . 1 . . Weapon 3 | . . . . . 1 . . 1 . 1 Highest Loss Streak 4 | . . . . . 4 . 1 3 1 1 To Critical Strikes . | . . . . . . . . . . . Average Backups 3 | 1 4 6 5 3 4 5 5 3 2 4 Power . | . 1 1 1 1 . . . . . 1 Propulsion . | 1 2 3 1 . . 1 1 . . 1 Utility 1 | . . . 1 1 3 4 4 3 2 1 Weapon . | . . 2 2 . . . . . . 1 Tool/Special . | . . . . . . . . . . . Unused Backups 11 | . . . 5 1 1 . . . 2 2 Power 1 | . . . . . 1 . . . . . Propulsion 3 | . . . 3 . . . . . . . Utility 4 | . . . 1 . . . . . 2 1 Weapon 3 | . . . 1 1 . . . . . 1 Tool/Special . | . . . . . . . . . . . Average Slot Usage (%) 66 | . 100 100 100 99 75 53 57 27 6 13 Engine 8 | . 14 14 14 13 9 2 4 4 . . Leg 16 | . 28 28 28 28 15 10 7 2 1 . Flight 3 | . . . . . 11 17 15 8 . . Device 9 | . 14 14 14 14 9 7 7 2 2 6 Storage 9 | . 14 14 14 14 9 7 7 6 1 . Energy Gun 8 | . 25 14 14 14 9 7 7 . . . Launcher 7 | . 2 14 14 14 8 . . . . . Peak Build Rating 76 | 7 7 8 12 20 38 31 32 76 12 11 Average Rating 14 | 5 7 7 9 13 27 30 31 25 4 10 On Entrance 13 | . 7 7 8 12 20 26 31 24 5 11 Avg Prop Armor Cover (%) 4 | . . . . . 2 11 3 . . . Naked Turns 170 | . . . . . . . . . 170 . Heaviest Build 97 | 14 16 16 16 18 33 18 25 97 17 3 Greatest Support 35 | 20 20 20 20 30 30 35 35 30 15 3 Greatest Overweight (x) 32 | 1 . . . . 4 . 1 32 1 . Average Overweight (x) . | . . . . . . . . 1 . . Largest Inventory Capacity 15 | 8 8 8 8 8 15 10 10 15 10 5 Average Capacity 8 | 7 8 8 8 8 10 10 10 10 6 5 Most Carried 10 | 3 6 8 8 8 10 10 10 10 5 4 Average Carried 6 | 1 4 6 7 7 9 9 9 6 2 4 Final Capacity 10 | 8 8 8 8 8 10 10 10 10 5 5 Final Carried 10 | 3 6 8 8 8 10 10 10 2 4 4 Class Distribution -------------------- 97% | Mutant Dominant Class ---------------- Mutant | -10/Materials Mutant | -10/Mines Mutant | -10/Exiles Mutant | -9/Mines Mutant | -8/Materials Mutant | -7/Factory Mutant | -7/DSF Mutant | -6/Factory Mutant | -6/Lower Caves Mutant | -6/Lower Caves Resources | -11 -10 -10 -10 -9 -8 -7 -7 -6 -6 -6 ----------- Run | Yrd Mat Min Exi Min Mat Fac DSF Fac Low Low Matter Collected 836 | 144 . . . 245 48 20 103 87 189 . Remotely . | . . . . . . . . . . . Salvage Created 447 | 44 . 20 . 176 187 20 . . . . Parts 35 | 6 . 3 . 11 13 2 . . . . Haulers Intercepted . | . . . . . . . . . . . Recyclers Shooed . | . . . . . . . . . . . Parts Field Recycled . | . . . . . . . . . . . Retrieved Matter . | . . . . . . . . . . . Parts Self-Destructed . | . . . . . . . . . . . Prevented . | . . . . . . . . . . . Parts Restored . | . . . . . . . . . . . Kills | -11 -10 -10 -10 -9 -8 -7 -7 -6 -6 -6 ------- Run | Yrd Mat Min Exi Min Mat Fac DSF Fac Low Low Combat Hostiles Destroyed 12 | . . 3 . 4 5 . . . . . Guns 4 | . . . . 3 1 . . . . . AOE 8 | . . 3 . 1 4 . . . . . Classes Destroyed 7 | 1 . 1 . 1 3 1 . . . . Worker 1 | . . . . . . 1 . . . . Tunneler 4 | 3 . . . 1 . . . . . . Watcher 1 | . . . . . 1 . . . . . Swarmer 3 | . . 3 . . . . . . . . Grunt 6 | . . . . 4 2 . . . . . Sentry 2 | . . . . . 2 . . . . . Specialist 1 | . . . . . 1 . . . . . Best Kill Streak 4 | 3 . 3 . 4 4 1 . . . . Combat Bots Only 4 | . . 3 . 3 4 . . . . . Max Kills in Single Turn 2 | 1 . 2 . 2 1 1 . . . . Gunslinging . | . . . . . . . . . . . Exploded 2 | . . 2 . 1 1 . . . . . Melee . | . . . . . . . . . . . Uniques/NPCs Destroyed . | . . . . . . . . . . . Combat | -11 -10 -10 -10 -9 -8 -7 -7 -6 -6 -6 -------- Run | Yrd Mat Min Exi Min Mat Fac DSF Fac Low Low Hostile Shots Fired 162 | . . 3 . 1 36 . 29 31 18 44 Missed 54 | . . . . . 10 . 6 13 9 16 Hits 108 | . . 3 . 1 26 . 23 18 9 28 Melee 3 | . . . . . . . . 3 . . Projectile 105 | . . 3 . 1 26 . 23 15 9 28 AOE 2 | . . . . . . . . 2 . . Critical Strikes 3 | . . . . . 2 . . 1 . . Damage Taken 2617 | . . 21 . 29 570 . 694 799 167 337 Core 1193 | . . . . . 50 . 293 436 112 302 Absorbed by Shields 26 | . . . . . . . 26 . . . Core Remaining (%) 87 | 100 . . . 100 90 . 58 . . . Volleys Fired 32 | 4 . 2 . 5 16 1 4 . . . Largest 2 | 2 . 2 . 2 2 1 2 . . . Hottest 125 | 90 . 80 . 110 110 80 125 . . . Shots Fired 58 | 8 . 4 . 9 28 1 8 . . . Gun 36 | 8 . 2 . 5 16 1 4 . . . Cannon 4 | . . . . . . . 4 . . . Launcher 18 | . . 2 . 4 12 . . . . . Special . | . . . . . . . . . . . Kinetic 4 | . . . . . . . 4 . . . Thermal 36 | 8 . 2 . 5 16 1 4 . . . Explosive 18 | . . 2 . 4 12 . . . . . Electromagnetic . | . . . . . . . . . . . Robot Hit Streak 7 | 4 . 1 . 3 7 5 3 . . . Robot Miss Streak 5 | 1 . 1 . 5 4 1 4 . . . Penetration Max . | . . . . . . . . . . . Secondary Targets . | . . . . . . . . . . . Shots Hit Robots 42 | 5 . 2 . 5 25 1 4 . . . Core Hits 29 | 3 . 3 . 7 15 1 . . . . Critical Kills . | . . . . . . . . . . . Critical Parts Destroyed . | . . . . . . . . . . . Critical Strikes 1 | . . . . . . . 1 . . . Blast 1 | . . . . . . . 1 . . . Melee Attacks . | . . . . . . . . . . . Impact . | . . . . . . . . . . . Slashing . | . . . . . . . . . . . Piercing . | . . . . . . . . . . . Sneak Attacks . | . . . . . . . . . . . Combat Hostiles . | . . . . . . . . . . . Follow-up Attacks . | . . . . . . . . . . . Damage Inflicted 1320 | 67 . 188 . 197 767 22 79 . . . Guns 490 | 60 . . . 68 322 22 18 . . . Cannons 61 | . . . . . . . 61 . . . Explosions 762 | . . 188 . 129 445 . . . . . Melee . | . . . . . . . . . . . Ramming 7 | 7 . . . . . . . . . . Kinetic 61 | . . . . . . . 61 . . . Thermal 490 | 60 . . . 68 322 22 18 . . . Explosive 762 | . . 188 . 129 445 . . . . . Electromagnetic . | . . . . . . . . . . . Impact . | . . . . . . . . . . . Slashing . | . . . . . . . . . . . Piercing . | . . . . . . . . . . . Highest Corruption . | . . . . . . . . . . . Average Corruption . | . . . . . . . . . . . Corruption Purged . | . . . . . . . . . . . Corruption Blocked . | . . . . . . . . . . . Overload Shots . | . . . . . . . . . . . Overflow Damage 5 | . . . . . 5 . . . . . Projectiles . | . . . . . . . . . . . Explosions 5 | . . . . . 5 . . . . . Melee . | . . . . . . . . . . . Knockbacks . | . . . . . . . . . . . Impact . | . . . . . . . . . . . Kinetic . | . . . . . . . . . . . Secondary . | . . . . . . . . . . . Self-Inflicted Damage 93 | . . . . 12 81 . . . . . Shots 7 | . . . . 1 6 . . . . . Rammed . | . . . . . . . . . . . Targets Rammed 1 | 1 . . . . . . . . . . Kicked 1 | 1 . . . . . . . . . . Crushed . | . . . . . . . . . . . Highest Temperature 307 | 90 . 36 . 127 307 12 . 20 . . Average Temperature 86 | 41 . 20 . 50 120 9 . 20 . . Received Heat Transfer 403 | . . . . 9 207 . . 88 54 45 Siege Activations . | . . . . . . . . . . . Martial Activations . | . . . . . . . . . . . Shielding Activations . | . . . . . . . . . . . Robots Disrupted . | . . . . . . . . . . . Combat Hostiles . | . . . . . . . . . . . Robots Corrupted . | . . . . . . . . . . . Combat Hostiles . | . . . . . . . . . . . Parts Fried . | . . . . . . . . . . . Impact Corruptions . | . . . . . . . . . . . Robots Melted . | . . . . . . . . . . . Combat Hostiles . | . . . . . . . . . . . Parts Melted . | . . . . . . . . . . . Heat Transferred 1148 | 161 . . . 162 725 50 50 . . . Parts Sabotaged . | . . . . . . . . . . . Parts Stolen . | . . . . . . . . . . . Parts Stripped . | . . . . . . . . . . . Power Chain Reactions . | . . . . . . . . . . . Alert | -11 -10 -10 -10 -9 -8 -7 -7 -6 -6 -6 ------- Run | Yrd Mat Min Exi Min Mat Fac DSF Fac Low Low Maximum Alert Level . | . . . . . . . . . . . Low Security (%) 100 | 100 100 100 . 100 100 100 100 100 . . Level 1 . | . . . . . . . . . . . Level 2 . | . . . . . . . . . . . Level 3 . | . . . . . . . . . . . Level 4 . | . . . . . . . . . . . Level 5 . | . . . . . . . . . . . High Security . | . . . . . . . . . . . Max Security . | . . . . . . . . . . . Peak Influence 141 | 10 . 80 . 88 125 38 15 141 . . Initial 38 | . . . . . 27 38 9 2 . . Average 14 | 1 . 14 . 8 21 28 8 27 . . Influence Increases 975 | 15 . 80 . 174 193 5 15 298 135 60 Destroy 0b10 Robot/C 440 | . . 60 . 120 100 . . 160 . . Destroy 0b10 Robot/NC 35 | 15 . . . 5 5 5 . 5 . . Destroy Leader 84 | . . 10 . 20 32 . . 22 . . Allied During Kill 119 | . . . . 8 . . . 111 . . Disable Machine 15 | . . . . . 15 . . . . . Destroy Structure 72 | . . 10 . 21 41 . . . . . Lose Combat Pursuer 210 | . . . . . . . 15 . 135 60 Influence Decreases 935 | 15 . 40 40 102 180 77 23 303 108 47 Entered New Map 145 | . . . 40 . 45 47 4 3 . 6 Time Decay 471 | 15 . 40 . 80 95 30 . 72 108 31 Lost Part 79 | . . . . . 40 . 19 10 . 10 Lost Ally 240 | . . . . 22 . . . 218 . . Squads Dispatched 8 | . . . . . 3 . . 4 . 1 Investigation 3 | . . . . . 1 . . 2 . . Extermination . | . . . . . . . . . . . Reinforcement 4 | . . . . . 2 . . 2 . . Assault 1 | . . . . . . . . . . 1 Garrison . | . . . . . . . . . . . Intercept . | . . . . . . . . . . . Searches Triggered . | . . . . . . . . . . . Construction Impeded 1 | . . . . . 1 . . . . . Haulers Reinforced . | . . . . . . . . . . . Active Scanning Responses . | . . . . . . . . . . . Cargo Convoy Interrupts . | . . . . . . . . . . . Stealth | -11 -10 -10 -10 -9 -8 -7 -7 -6 -6 -6 --------- Run | Yrd Mat Min Exi Min Mat Fac DSF Fac Low Low Distress Signals . | . . . . . . . . . . . Communications Jammed . | . . . . . . . . . . . Distress Signals . | . . . . . . . . . . . Times Spotted 51 | . . 3 . 4 10 . 2 12 8 12 Peak Tracking Total 9 | . . 3 . 3 5 . 2 5 4 9 Tactical Retreats 6 | . . . . . . . 1 . 3 2 Traps | -11 -10 -10 -10 -9 -8 -7 -7 -6 -6 -6 ------- Run | Yrd Mat Min Exi Min Mat Fac DSF Fac Low Low Traps Triggered 9 | . . . . 2 1 . 2 4 . . Indirectly . | . . . . . . . . . . . Trap Hack Attempts . | . . . . . . . . . . . Triggered . | . . . . . . . . . . . Disarmed . | . . . . . . . . . . . Reprogrammed . | . . . . . . . . . . . Reused . | . . . . . . . . . . . Traps Extracted . | . . . . . . . . . . . Installed . | . . . . . . . . . . . Triggered . | . . . . . . . . . . . Machines | -11 -10 -10 -10 -9 -8 -7 -7 -6 -6 -6 ---------- Run | Yrd Mat Min Exi Min Mat Fac DSF Fac Low Low Machines Disabled 1 | . . . . . 1 . . . . . Max in Single Turn 1 | . . . . . 1 . . . . . Machines Repaired . | . . . . . . . . . . . Machines Dismantled . | . . . . . . . . . . . Machines Sabotaged . | . . . . . . . . . . . Overloaded Fab Kills . | . . . . . . . . . . . Hacking | -11 -10 -10 -10 -9 -8 -7 -7 -6 -6 -6 --------- Run | Yrd Mat Min Exi Min Mat Fac DSF Fac Low Low Machines Accessed 7 | . . . 1 1 . 1 . 3 1 . Terminals 2 | . . . . . . 1 . . 1 . Fabricators 2 | . . . . . . . . 2 . . Repair Stations . | . . . . . . . . . . . Recycling Units . | . . . . . . . . . . . Scanalyzers 1 | . . . . . . . . 1 . . Garrison Access . | . . . . . . . . . . . Total Hacks 20 | . . . 1 1 . 3 . 14 1 . Successful 10 | . . . 1 1 . 1 . 6 1 . Failed 10 | . . . . . . 2 . 8 . . Catastrophic 1 | . . . . . . . . 1 . . Database Lockouts . | . . . . . . . . . . . Manual 1 | . . . 1 . . . . . . . Terminals 4 | . . . . . . 3 . . 1 . Fabricators 10 | . . . . . . . . 10 . . Repair Stations . | . . . . . . . . . . . Recycling Units . | . . . . . . . . . . . Scanalyzers 4 | . . . . . . . . 4 . . Garrison Access . | . . . . . . . . . . . Terminal Hacks 4 | . . . 1 1 . 1 . . 1 . Record 1 | . . . . . . . . . 1 . Open Door 1 | . . . . 1 . . . . . . Open DSF 1 | . . . . . . 1 . . . . Proto ID Catalog 1 | . . . 1 . . . . . . . Fabricator Hacks 2 | . . . . . . . . 2 . . Network Status 2 | . . . . . . . . 2 . . Repair Station Hacks . | . . . . . . . . . . . Recycling Unit Hacks . | . . . . . . . . . . . Scanalyzer 4 | . . . . . . . . 4 . . Insert Component 2 | . . . . . . . . 2 . . Analyze 2 | . . . . . . . . 2 . . Garrison Access Hacks . | . . . . . . . . . . . Unauthorized Hacks . | . . . . . . . . . . . Terminals . | . . . . . . . . . . . Fabricators . | . . . . . . . . . . . Repair Stations . | . . . . . . . . . . . Recycling Units . | . . . . . . . . . . . Scanalyzers . | . . . . . . . . . . . Garrison Access . | . . . . . . . . . . . Data Cores Recovered . | . . . . . . . . . . . Used . | . . . . . . . . . . . Hacking Detections 4 | . . . . . . 1 . 3 . . Full Trace Events 2 | . . . . . . . . 2 . . Feedback Events . | . . . . . . . . . . . Feedback Blocked . | . . . . . . . . . . . Robot Schematics Acquired . | . . . . . . . . . . . Robots Built . | . . . . . . . . . . . Authchips . | . . . . . . . . . . . Time . | . . . . . . . . . . . Total Robot Build Rating . | . . . . . . . . . . . Part Schematics Acquired 1 | . . . . . . . . 1 . . Parts Built . | . . . . . . . . . . . Authchips . | . . . . . . . . . . . Time . | . . . . . . . . . . . Total Part Build Rating . | . . . . . . . . . . . Part Studies Acquired . | . . . . . . . . . . . Parts Repaired . | . . . . . . . . . . . Time . | . . . . . . . . . . . Parts Recycled . | . . . . . . . . . . . Recycled Matter . | . . . . . . . . . . . Retrieved Matter . | . . . . . . . . . . . Retrieved Components . | . . . . . . . . . . . Parts Scanalyzed 1 | . . . . . . . . 1 . . Part Schematics Acquired 1 | . . . . . . . . 1 . . Parts Damaged . | . . . . . . . . . . . Bothacking | -11 -10 -10 -10 -9 -8 -7 -7 -6 -6 -6 ------------ Run | Yrd Mat Min Exi Min Mat Fac DSF Fac Low Low Used RIF Installer . | . . . . . . . . . . . Robots Hacked . | . . . . . . . . . . . Non-combat . | . . . . . . . . . . . Combat . | . . . . . . . . . . . Robot Hacks Applied . | . . . . . . . . . . . Relay Couplers Released . | . . . . . . . . . . . Fabnet Peak Effective % . | . . . . . . . . . . . Robots Rewired . | . . . . . . . . . . . Allies Hacked . | . . . . . . . . . . . Hacks Repelled . | . . . . . . . . . . . Allies | -11 -10 -10 -10 -9 -8 -7 -7 -6 -6 -6 -------- Run | Yrd Mat Min Exi Min Mat Fac DSF Fac Low Low Total Allies 2 | . . . . 2 . . . . . . Largest Group 2 | . . . . 2 . . . . . . Highest-Rated Group 45 | . . . . 45 . . . . . . Highest-Rated Ally 31 | . . . . 31 . . . . . . Total Orders . | . . . . . . . . . . . Ally Attacks 100 | . . . . 10 . . . 90 . . Total Damage 1502 | . . . . 128 . . . 1374 . . Kills 12 | . . . . 2 . . . 10 . . Allies Corrupted 1 | . . . . . . . . 1 . . Allies Melted . | . . . . . . . . . . . Intel | -11 -10 -10 -10 -9 -8 -7 -7 -6 -6 -6 ------- Run | Yrd Mat Min Exi Min Mat Fac DSF Fac Low Low Active Infowar (turns) 2388 | 28 60 342 267 782 290 61 134 81 145 198 Sensors 343 | . . . . . . . . . 145 198 Seismic 2045 | 28 60 342 267 782 290 61 134 81 . . Robot Analysis Total . | . . . . . . . . . . . Derelict Logs Recovered 9 | . . 1 . 3 . . . . 2 3 Drone Launches 30 | . . . . . . . . 30 . . Drone Recoveries . | . . . . . . . . . . . Exploration | -11 -10 -10 -10 -9 -8 -7 -7 -6 -6 -6 ------------- Run | Yrd Mat Min Exi Min Mat Fac DSF Fac Low Low Turns Passed 2998 | 118 60 342 267 782 290 61 134 337 409 198 Spaces Moved 2747 | 78 47 276 220 504 179 63 80 239 666 395 Core 1013 | 4 . . . . . . . 4 610 395 Treads . | . . . . . . . . . . . Legs 1498 | 74 47 276 220 504 176 21 59 65 56 . Wheels . | . . . . . . . . . . . Hover . | . . . . . . . . . . . Flight 236 | . . . . . 3 42 21 170 . . Fastest Speed 29 | 50 120 120 120 120 94 39 29 29 50 50 Average Speed 94 | 118 120 120 120 120 123 67 142 117 59 50 Slowest Speed 1650 | 120 120 120 120 120 295 125 200 1650 190 50 Overloaded Moves . | . . . . . . . . . . . Propulsion Burnouts . | . . . . . . . . . . . Robots Hopped 2 | . . . . 2 . . . . . . Potential Cave-ins . | . . . . . . . . . . . Cave-ins Triggered . | . . . . . . . . . . . Exploration Rate (%) 45 | 5 16 60 61 90 22 2 87 12 83 58 Regions Visited 10 Branch Regions 5 Pre-discovered Areas 3 | . . . . 3 . . . . . . Known Exits Taken 1 | . . . . . . 1 . . . . Unknown Exits Taken 8 | 1 1 1 1 1 1 . . 1 1 . Scrap Searched 8 | . . . . 2 . . . . 4 2 Spaces Dug . | . . . . . . . . . . . Terrain Destroyed 99 | . . 10 . 28 61 . . . . . Melee . | . . . . . . . . . . . Projectile . | . . . . . . . . . . . AOE 99 | . . 10 . 28 61 . . . . . Terrain Rammed . | . . . . . . . . . . . Walls Destroyed . | . . . . . . . . . . . Machines Disabled . | . . . . . . . . . . . Actions | -11 -10 -10 -10 -9 -8 -7 -7 -6 -6 -6 --------- Run | Yrd Mat Min Exi Min Mat Fac DSF Fac Low Low Total 3081 | 92 50 283 226 670 216 79 93 297 680 395 Wait 197 | . . 4 . 153 . 10 1 29 . . Move 2733 | 77 46 275 219 499 178 62 79 238 665 395 Hop 2 | . . . . 2 . . . . . . Pick Up 18 | 3 3 2 1 1 1 1 1 1 4 . Fast Attach 29 | 7 . . . 3 8 2 1 5 3 . Attach 13 | . . . . . 2 1 1 7 2 . Detach 11 | . . . . . 6 . . 3 2 . Swap 7 | . 1 . . 3 1 1 1 . . . Drop 28 | . . . 6 4 4 1 4 5 4 . Fire 32 | 4 . 2 . 5 16 1 4 . . . Melee . | . . . . . . . . . . . Ram . | . . . . . . . . . . . Kick 1 | 1 . . . . . . . . . . Crush . | . . . . . . . . . . . Escape Stasis 1 | . . . . . . . 1 . . . Rewire 9 | . . . . . . . . 9 . . Trap . | . . . . . . . . . . . Miscellaneous . | . . . . . . . . . . . Route ------- -11/Scrapyard -10/Materials (discovered 2 exits: [*Mat] / [*Min]) -10/Mines -10/Exiles -9/Mines -8/Materials -7/Factory -7/DSF -6/Factory -6/Lower Caves -6/Lower Caves History --------- Turn | Location | Event 8 | -11/Scrapyard | Discovered new exit (range 14) 119 | -11/Scrapyard | Entered Materials 149 | -10/Materials | Discovered new exit (range 15) 162 | -10/Materials | Discovered new exit (range 12) 179 | -10/Materials | Entered Mines 203 | -10/Mines | Learned Materials terminal intel 318 | -10/Mines | Build established: Mutant 410 | -10/Mines | A weapon hastily lodged in a ceiling crevice suddenly fell to the ground 514 | -10/Mines | Deemed a non-threat by the Exiles lab entrance 515 | -10/Mines | Discovered new exit (range 5) 521 | -10/Mines | Entered Exiles 550 | -10/Exiles | Met 8R-AWN 571 | -10/Exiles | Met EX-HEX 603 | -10/Exiles | Met EX-BIN 617 | -10/Exiles | Aligned with FarCom system 619 | -10/Exiles | Given EX-Vault access code 655 | -10/Exiles | Opened EX-Vault 673 | -10/Exiles | Found Army-in-a-Box 697 | -10/Exiles | Warned to stay clear of 0b10 Research branches 733 | -10/Exiles | Met EX-DEC 775 | -10/Exiles | Discovered new exit (range 12) 788 | -10/Exiles | Left Exiles lab with Army-in-a-Box 788 | -10/Exiles | Entered Mines 893 | -9/Mines | Learned location of Storage (-9) 1018 | -9/Mines | Found a damaged Exp. Sensor Array with a note attached 1021 | -9/Mines | Found Prototype Device 1238 | -9/Mines | Learned location of Zion (-6) 1467 | -9/Mines | Met a Derelict who couldn't figure out how to use a Trap Extractor 1554 | -9/Mines | Discovered new exit (range 9) 1570 | -9/Mines | Entered Materials 1570 | -8/Materials | Evolved 4 slots: Propulsion x2, Utility x2 1571 | -8/Materials | Loaded intel: 12 terminal locations 1850 | -8/Materials | Discovered new exit (range 5) 1860 | -8/Materials | Entered Factory 1860 | -7/Factory | Evolved 2 slots: Utility x2 1891 | -7/Factory | Lost 4 parts (1p1n1u1w) 1920 | -7/Factory | Identified exit to DSF 1921 | -7/Factory | Entered DSF 1939 | -7/DSF | Additional patrols routed to DSF 2048 | -7/DSF | Discovered new exit (range 15) 2055 | -7/DSF | Entered Factory 2055 | -6/Factory | Evolved 2 slots: Power x1, Utility x1 2299 | -6/Factory | Lost 20 allies 2386 | -6/Factory | Discovered new exit (range 5) 2392 | -6/Factory | Core integrity fell below 50% 2392 | -6/Factory | Entered Lower Caves 2410 | -6/Lower Caves | Lost 3 parts (1p1n1u) 2474 | -6/Lower Caves | Learned Factory trap positions 2630 | -6/Lower Caves | Learned Factory stockpile data 2795 | -6/Lower Caves | Discovered new exit (range 10) 2801 | -6/Lower Caves | Entered another Lower Caves area 2807 | -6/Lower Caves | Encountered a Warlord checkpoint 2832 | -6/Lower Caves | Learned 12 Factory zone layouts 2887 | -6/Lower Caves | Learned 4 Factory zone layouts 2958 | -6/Lower Caves | Attracted the attention of an 0b10 outpost 2984 | -6/Lower Caves | Core integrity fell below 20% 2994 | -6/Lower Caves | Attracted the attention of an 0b10 checkpoint 2999 | -6/Lower Caves | Destroyed by Y-54 Guardian with Flak Gun Last Messages --------------- Data stored: Factory zone layouts (x12). M-22 Extractor extracts Dirty Bomb Trap. M-22 Extractor extracts Fire Trap. M-22 Extractor reprogrammed Fire Trap. Acquired derelict log, extracted data. Data stored: Factory zone layouts (x4). Searching scrap... Found System Guard. Found Kinecellerator. Found Imp. Targeting Computer. Found Imp. Field Recycling Unit. Found 60 Matter. Acquired derelict log, extracted data. Data stored: Extension entrances (x1). Slug penetrates Wall. S-27 Virus springs to life. Y-64 Sentinel: "DETECTED UNIDENTIFIED DERELICT." Y-64 Sentinel: "REQUESTING BACKUP." Y-54 Guardian: "INTERCEPTING UNREGISTERED DERELICT." Mak. Sword destroyed. Map ----- +----------------------------------------------------+ | ????????????????????????????????????????? | | #?????????????????????????????????????????? | | ##?????????????????????????????????????????? | | #?????????????????????????????????????????? | | #?# #?????????????????????????????????????????? | | #?## ###############???????????????????????????? | | ### #???????????????????????????? | | ########### #???????????????????????????? | | # #?????????# #???????????????????????????? | | ### # ##??????#### #???????????????????????????? | | #### # ###???## ## ##??????????????????????????? | | #### ### ##?????????????????????????? | | #### ### ##??????? ????????????????? | | #####?# ##????? ????????????????? | | ##????##### ? #????? ?????????????????? | | # ##???????# #### ##???? ?????????????????? | | # #???????# #???###????? ??????#???????????? | | ##???????# #?????????? ????? #???????????? | | # #????????# ?#?????????? ???? #??????????? | | ## #####????# ?#????????? #??? ??????????? | | ### #????# ####?????? ### ??????????? | | #?## #????# ##???? #?????????? | | ?## # #???## #???? #?????????? | | ## ######???# #??? #????????? | | # ###??????# #### ????????? | | #??????# ##@ ????????? | | # #?????# ????????? | | ##### #?????######## g g ##???????????? | | #??? #???????????## ##????????????? | | #??? #???????????## b ###?????????????? | | #?? #???????????# ##???????????????? | | #??# ??????????# Y #????????????????? | | #??## ?????????# #????????????????? | | #???## #????????# ##????????????????? | | #????? ????????# ##?????????????????? | | #????? ???????## ####??????????????????? | | #????? #???????# #?????????????????????? | | #???? ????????# ??????????????##?????? | | #?? ???????? ?????????????## ####?? | | ## ???????? #???????????## ##? | | ??????? ????????????? #? | | ! ???????# ??????????????? ? | | ##### ####??????????# ????????????????# ?? | | #????? ###?????????????# ????????????????# ?? | | #??????????????####????# #???????????????? #?? | | #?????????????## ##??## #????????????????# #?? | | #????????????## ##?# ????????????????# ### | | #???????###### #?? #?????????????### # | | #????#### ##??# ##??????????### | | #????# ##??# ####???????# | +----------------------------------------------------+ Best States ------------- Heat Dissipation 37 Energy Generation 12 Energy Capacity 265 Matter Stores 300 Matter Capacity 300 Sight Range 16 Robot Scan Range 16 Terrain Scan Density 10 Armor Coverage 225 Evasion (%) 64 Recoil Reduction 1 Item Schematics ----------------- Imp. Ion Engine | -6/Factory | Scanalyzed Robot Schematics ------------------ None Fabricated ------------ Nothing Repaired ---------- Nothing Studied --------- None Alien Tech Used ----------------- None Achievements -------------- Deductive Reasoning Plot Armor Release The Drones! Challenges ------------ None Game ------ Seed ActuatorCloakWheel Manual? 0 Play Time 00:39:47 Cumulative 7.8 hours Start 2026.08.03 @ 00:11:44 End 2026.08.03 @ 00:51:46 Sessions 1 Manual Loads 0 Difficulty Rogue Special Mode None Game No. 8 Rogue 6 Adventurer 2 Explorer 0 Win Type - Total 0 Types 0/0/0/0/0/0/0/0/0/0 Lore% 7 Gallery% 12 Achievement% 13 Wizard Run 0 Options --------- Layout 0 ASCII 0 Keyboard 0 Movement Numpad Keybinds 0 Fullscreen 1 Font 24/Smallcaps Map View 76x50 Zoom Use 0% Tactical HUD 0 Map Filters NONE Filters NONE Steam 1 RUN: 2bfb7300-e735-459b-8d1c-72bfe76f33d9